Map: Alcyone LE

Players

CaptainClub - Winner!

  • Race: Terran Terran
  • League: Master
  • Spawn Location: 7:00

A.I. 2 (Very Easy)

  • Race: Zerg Zerg
  • Spawn Location: 1:00

VOD

Have the link to the VOD?

Description

Time

  • Played on: May 8, 2024, 11:10 p.m.
  • Length: 8:37
Show
View Real Time Build Order
Export as new Build Order

CaptainClub Terran - Winner!

Build Orders: Reaper Expand, Hellion Banshee 

Get SALT Encoding   

  12  0:02  SCV  
  13  0:14  SCV  
  13  0:19  Supply Depot  
  14  0:26  SCV  
  15  0:40  SCV  
  15  0:42  Barracks  
  16  0:45  Refinery  
  16  0:53  SCV  
  17  1:05  SCV  
  18  1:17  SCV  
  19  1:31  Orbital Command, Reaper  
  20  1:45  Command Center  
  20  1:56  Supply Depot  
  20  1:58  SCV  
  21  2:03  Marine  
  22  2:10  SCV  
  23  2:16  Factory  
  23  2:22  SCV  
  24  2:26  Barracks Reactor  
  24  2:37  SCV  
  25  2:46  Command Center  
  25  3:00  Orbital Command, SCV  
  26  3:12  Starport  
  26  3:18  SCV  
  27  3:20  Refinery  
  27  3:24  Hellion x2  
  31  3:27  SCV  
  31  3:30  SCV  
  31  3:32  Barracks Tech Lab  
  33  3:40  SCV  
  34  3:43  SCV  
  34  3:45  Hellion  
  34  3:46  Hellion  
  39  3:52  SCV  
  40  3:55  SCV  
  40  3:58  Orbital Command  
  40  3:59  Supply Depot  
  41  4:04  SCV  
  41  4:07  SCV  
  43  4:15  Hellion  
  43  4:16  SCV, Hellion, Banshee  
  51  4:20  SCV  
  52  4:24  Engineering Bay  
  52  4:26  SCV  
  52  4:28  Engineering Bay  
  52  4:31  SCV  
  54  4:35  Refinery  
  54  4:36  Supply Depot  
  54  4:37  SCV  
  55  4:40  Hellion  
  55  4:41  Hellion  
  55  4:43  SCV  
  60  4:48  SCV  
  60  4:52  SCV  
  62  4:56  SCV, Terran Infantry Weapons Level 1, Terran Infantry Armor Level 1  
  63  5:04  SCV  
  64  5:08  SCV  
  65  5:15  SCV  
  65  5:17  Starport Reactor  
  65  5:18  Barracks x2  
  65  5:20  SCV, Factory Reactor  
  67  5:22  Stimpack  
  67  5:23  Marine  
  67  5:26  Orbital Command  
  68  5:28  SCV  
  68  5:33  SCV, Barracks  
  68  5:35  Barracks  
  70  5:40  SCV  
  70  5:41  Supply Depot x2  
  70  5:42  Armory  
  71  5:43  Marine  
  71  5:45  SCV  
  73  5:53  SCV  
  73  5:56  Medivac, Refinery  
  76  5:57  SCV  
  76  6:02  Medivac, Marine  
  76  6:03  SCV  
  81  6:05  SCV  
  81  6:08  Barracks Reactor  
  81  6:10  SCV, Marine x2  
  85  6:15  SCV  
  85  6:17  SCV  
  87  6:18  Factory Reactor  
  87  6:20  Marine  
  87  6:22  Supply Depot  
  87  6:24  SCV, Supply Depot  
  89  6:29  SCV, Marine  
  89  6:30  Barracks Reactor x2, Marine x2  
  93  6:36  Supply Depot  
  93  6:37  Supply Depot  
  93  6:44  Medivac, SCV x3, Marine x2  
  93  6:46  Medivac  
  102  6:47  Marine, Supply Depot  
  102  6:48  Marine x2  
  102  6:49  Command Center  
  105  6:56  SCV x2, Refinery  
  105  6:58  Refinery  
  107  7:01  Marine  
  107  7:02  SCV  
  107  7:06  Supply Depot  
  109  7:10  Marine x3  
  109  7:11  Combat Shield, Widow Mine x2  
  116  7:16  Marine  
  116  7:18  Factory  
  117  7:24  SCV x3  
  117  7:25  Marine  
  117  7:29  Supply Depot  
  121  7:33  Marine x2  
  121  7:35  Marine x2  
  121  7:36  SCV x2, Marine x2, Widow Mine  
  131  7:38  Marine x2, Widow Mine  
  131  7:43  SCV, Marine  
  137  7:46  Supply Depot  
  137  7:48  Supply Depot  
  137  7:53  Marine  
  137  7:54  Medivac, Marine x2  
  137  7:55  Medivac  
  144  8:06  SCV x3, Marine  
  144  8:07  Factory Tech Lab, Marine x2  
  150  8:14  Marine x2  
  150  8:15  Marine  
  155  8:24  SCV, Supply Depot  
  155  8:26  Supply Depot  
  160  8:27  Barracks  
  160  8:28  Barracks x2  
Show
View Real Time Build Order
Export as new Build Order

A.I. 2 (Very Easy) Zerg 

Build Orders: Pool First 

Get SALT Encoding   

  12  0:01  Drone  
  13  0:13  Overlord  
  13  0:16  Drone  
  14  0:35  Spawning Pool  
  13  0:36  Extractor  
  13  0:40  Drone  
  13  0:47  Drone  
  14  0:53  Overlord  
  14  1:21  Queen  
  14  1:22  Zergling x2  
  17  1:33  Roach Warren  
  17  1:36  Drone  
  17  1:42  Extractor  
  17  1:46  Drone  
  17  1:51  Zergling x2  
  18  2:04  Drone  
  19  2:11  Drone  
  20  2:19  Drone  
  20  2:20  Zergling x2  
  22  2:29  Overlord  
  22  2:34  Drone  
  23  2:41  Drone  
  24  2:48  Roach  
  24  2:49  Drone  
  27  4:14  Zergling x2  
  27  4:52  Zergling x2  
  27  6:13  Zergling x2  
  27  7:26  Drone  
  27  7:27  Roach, Lair, Overlord  
  30  7:33  Drone  
  30  7:34  Hatchery  
  30  7:40  Drone  
  26  7:48  Drone  
  27  7:55  Drone  
  28  8:04  Roach  
  28  8:14  Overlord x2  
  28  8:19  Drone  
Tags
 
Add a new tag
Caveats
  • Supply blocks, unpowered buildings, or Contaminate may cause inaccurate times.
  • Supply counts are checked every 10 seconds.